 Dungeon Crawl Stone Soup version 0.30.0-29-ga12c61a403 (webtiles) character file.

Game seed: 13109096511949809284

113 cheesebisquit the Caller (level 4, -6/19 HPs)
             Began as a Felid Summoner on June 14, 2023.
             Killed by divine providence
             ... invoked by an orc priest
              (12 damage)
             ... on level 4 of the Dungeon.
             The game lasted 00:19:16 (4723 turns).

cheesebisquit the Caller (Felid Summoner)           Turns: 4723, Time: 00:19:16

Health: -6/19      AC:  1    Str:  4    XL:     4   Next: 65%
Magic:  0/10       EV: 18    Int: 18    God:
Gold:   199        SH:  0    Dex: 17    Spells: 1/10 levels left
                                        Lives:  0   Deaths: 1

rFire   . . .        (weapon unavailable)
rCold   . . .        (shield unavailable)
rNeg    . . .        (body armour unavailable)
rPois   .            (helmet unavailable)
rElec   .            (cloak unavailable)
rCorr   +            (gloves unavailable)
SInv    +            (boots unavailable)
Will    .....        (no amulet)
Stlth   ++           k - ring of resist corrosion
HPRegen 0.23/turn    (no ring)
MPRegen 0.12/turn

%: no passive effects
@: quick
A: very small, claws 1, fangs 3, see invisible, speed 1, shaggy fur 1, stealthy
paws, no weapons or thrown items, no armour, multi-lived
a: no special abilities


You were on level 4 of the Dungeon.
You visited 1 branch of the dungeon, and saw 4 of its levels.

You collected 199 gold pieces.

Inventory:

Jewellery
 k - a ring of resist corrosion (left paw)
Wands
 b - a wand of roots (2)
Scrolls
 c - 2 scrolls of teleportation {unknown}
 d - a scroll of acquirement {unknown}
 f - 2 scrolls of immolation {unknown}
 m - a scroll of vulnerability {unknown}
 n - 2 scrolls of identify {unknown}
 p - a scroll of magic mapping {unknown}
 q - a scroll of poison {unknown}
 t - 2 scrolls of fear {unknown}
Potions
 a - a potion of magic
 e - 2 potions of lignification
 g - a potion of brilliance
 h - 2 potions of degeneration
 i - a potion of flight
 l - a potion of might
 o - a potion of cancellation {unknown}
 r - a potion of curing {unknown}
 s - a potion of invisibility


   Skills:
 + Level 1.2 Fighting
 + Level 3.3 Dodging
 - Level 2.6 Stealth
 + Level 3.6 Spellcasting
 + Level 1.9 Hexes
 + Level 5.2 Summonings


You had one spell level left.
You knew the following spells:

 Your Spells              Type           Power      Damage    Failure   Level
a - Summon Small Mammal   Summ           88%        N/A       1%          1
b - Call Imp              Summ           44%        N/A       2%          2
c - Call Canine Familiar  Summ           22%        N/A       5%          3
d - Summon Guardian Gole  Hex/Summ       16%        N/A       11%         3

Your spell library contained the following spells:

 Spells                   Type           Power      Damage    Failure   Level
 Summon Lightning Spire   Summ/Air       12%        N/A       45%         4


Dungeon Overview and Level Annotations

Branches:
Dungeon (4/15)
 Temple: D:4-7

Altars:

Shops:
D:1 (

Annotations:
D:4 exclusion: scorpion


Innate Abilities, Weirdness & Mutations

You have sharp claws.
You have razor-sharp teeth.
You have supernaturally acute eyesight. (SInv)
You cover ground quickly. (Speed+)
You are covered in fur. (AC +1)
Your paws help you pounce on unaware monsters.
You are incapable of wielding weapons or throwing items.
You cannot wear armour.
You gain extra lives every three experience levels.


Message History

The orc wizard dies!
The orc hits your hound with a +0 short sword.
The orc priest calls upon Beogh to heal the orc.
The orc's wounds heal themselves!
Your quokka bites the orc but does no damage.
Your hound bites the orc but does no damage.
The orc priest mumbles some strange prayers to Beogh against your hound.
Your hound is smitten.
Your hound dies!
Your hound's corpse disappears in a puff of smoke!
The orc hits your quokka with a +0 short sword.
Your quokka bites the orc but does no damage.
You don't have enough magic to cast this spell.
Casting: Call Canine Familiar (quite dangerous; 5% risk of failure)
Confirm with . or Enter, or press ? or * to list all spells.
A tiny devil pulls itself out of the air.
The orc priest shouts!
Your quokka bites the orc but does no damage.
The orc hits your quokka with a +0 short sword.
Your quokka dies!
Your quokka's corpse disappears in a puff of smoke!
Your cerulean imp hits the orc but does no damage.
The orc priest invokes the aid of Beogh against you.
You struggle to resist.
Your cerulean imp hits the orc but does no damage.
The orc hits your cerulean imp with a +0 short sword.
Your cerulean imp barely misses the orc.
The orc misses your cerulean imp.
Your cerulean imp hits the orc but does no damage.
The orc priest mumbles some strange prayers to Beogh against you.
Beogh smites you!
Ouch! That really hurt!
The orc closely misses your cerulean imp.
Your cerulean imp barely misses the orc.
Casting: Call Imp (safe; 2% risk of failure)
Confirm with . or Enter, or press ? or * to list all spells.
The orc priest mumbles some strange prayers to Beogh against you.
Beogh smites you!
Ouch! That really hurt!
You die...

### ######## ###.# ##..##..# ###
##...# ##.##..#######.# #....#
##.###..# #.#.## # .....####.##
##.# ##...## . .####....##
#.###..##.# # ## ##...#
#.##..###.######### # ##.##
#.#..## ##.........
#..######.@.r# #...####...
##..........## #..## #### #
##...##....5.#####..# # ##
###....###...oo.......# #
.###...#..# #......)......#######
..#...##..###.....###............
#....###...#.....## ##...........
..#...##...#.....# #..#........
.###...##........# ##...........


You could see an orc priest (ally target), an orc (ally target), a friendly
cerulean imp (summoned) and a friendly rat (summoned).

Vanquished Creatures
  An adder (D:4)
  A bat (D:2)
2 creatures vanquished.

Vanquished Creatures (collateral kills)
  A jelly (D:4)
  An orc wizard (D:4)
  2 adders
  3 gnolls (D:2)
  An ufetubus (D:4)
  2 worms (D:2)
  2 orcs
  9 endoplasms
  4 giant cockroaches
  4 goblins
  8 hobgoblins
  3 jackals (D:3)
  5 kobolds
  4 quokkas
  8 ball pythons
  2 bats
  4 frilled lizards
  3 rats (D:1)
66 creatures vanquished.

Grand Total: 68 creatures vanquished

Notes
Turn   | Place    | Note
-------+----------+-------------------------------------------
     0 | D:1      | cheesebisquit the Felid Summoner began the quest for the
                  | Orb.
     0 | D:1      | Reached XP level 1. HP: 7/7 MP: 4/4
   393 | D:1      | Reached XP level 2. HP: 11/11 MP: 4/6
   396 | D:1      | Learned a level 2 spell: Call Imp
   761 | D:1      | Found Ziahor's Antique Weapon Emporium.
  1491 | D:2      | Reached XP level 3. HP: 14/14 MP: 4/8
  1495 | D:2      | Learned a level 3 spell: Call Canine Familiar
  2106 | D:2      | Reached XP level 4. HP: 10/18 MP: 1/9
  2110 | D:2      | Reached skill level 5 in Summonings
  2114 | D:2      | Learned a level 3 spell: Summon Guardian Golem
  3408 | D:3      | Reached skill level 1 in Hexes
  4003 | D:4      | Noticed a scorpion
  4088 | D:4      | Reached skill level 1 in Fighting
  4088 | D:4      | Reached XP level 5. HP: 22/22 MP: 1/11
  4367 | D:4      | Killed from afar by an orc priest
  4368 | D:4      | Reached XP level 4. HP: -11/28 MP: 10/10
  4723 | D:4      | Killed from afar by an orc priest

Illustrated notes

Levels and vault maps discovered:
D:1:      dpeg_arrival_round_c, layout_basic, serial_shops, shop,
          hangedman_abyss_or_decor_lesser_grid
D:2:      layout_basic
D:3:      cheibrodos_old_hovel, layout_loops_ring, feat_on_display
D:4:      layout_layer_cave

Skill      XL: |  1  2  3  4 |
---------------+-------------+-----
Spellcasting   | 3 |  3.6
Summonings     | 5 |  5.2
Hexes          | 1 |  1.9
Dodging        | 3 |  3.3
Fighting       | 1 |  1.2
Stealth        | |  2.6

Action                     |  1- 3 |  4- 6 || total
---------------------------+-------+-------++-------
  Melee: Unarmed           |    13 |     2 ||    15
         Punch             |     1 |       ||     1
         Bite              |     1 |       ||     1
   Cast: Summon Small Mamm |    68 |    58 ||   126
         Call Imp          |    25 |    18 ||    43
         Call Canine Famil |       |     4 ||     4
    Use: Potion            |       |     8 ||     8
 Armour: Skin              |     4 |    18 ||    22
  Dodge: Dodged            |    36 |    15 ||    51
